Unix NetHack Version 5.0.0-0 post-release - last build May 10 2026 23:12:36 (d1fa5d53e341ca933230fdaa984d921c805b60aa,branch:main).

Game began 2026-05-12 14:59:47, ended 2026-05-12 18:55:28.

Drastanta, lawful male human Samurai

                  ----
                  |..|     ----
   ----          --..##  ---..|
  --..|         --.#-- ---....|
  |...------   --..|   |....---
  |..^.....|-- |...--- |...--
  ---.--...|.| |.....--|.--- -----
    -----)..-  --......|.|  --.|.-- ------
        |...--  |...^...*---|.....|--....|
        |....|  ---.........|.>...--.....|
        --..----  ----..................-|
       ---.....|     --.......---........--
       |....--.-------|......-- --........|
       |..........|..--.......-- |........--
 ----  |......!.................--.........|
--..-----..................................|
|.....|..--...................<..........---      ..
|.......----%.--...-#-.....-.........-------------%..
--.......)...0...................................q)%.
 ------.---------------..----------------------------
      ---             ----
Drastanta the Ninja    St:17 Dx:17 Co:18 In:10 Wi:8 Ch:6  Lawful
Dlvl:9  $:267 HP:0(78) Pw:25(25) AC:1  Xp:8 T:5673 

Latest messages:
 You hit the gnome lord!
 The gnome lord swings his aklys.
 The gnome lord hits!
 You hit the gnome lord!
 You kill the gnome lord!
 You hit the gnome.
 The gnome thrusts one of his daggers.
 The gnome misses!
 You kill the gnome!
 The gnome lord picks up a shito.
 You hit the gnome lord!
 The gnome lord thrusts one of his daggers.
 The gnome lord hits!
 You kill the gnome lord!
 The gnome shoots 2 crossbow bolts!
 You catch the crossbow bolt! r - a crossbow bolt.
 The 2nd crossbow bolt misses you.
 c - a +0 yumi (weapon in right hand).
 a - a corroded +0 katana (alternate weapon; not wielded).
 In what direction? 6
 In what direction? 6
 The ya hits the gnome!
 In what direction? 6
 You shoot 2 ya.
 The 1st ya hits the gnome!
 You kill the gnome!
 The gnome picks up a blessed +0 ya.
 In what direction? 6
 You shoot 2 ya.
 The 1st ya hits the gnome!
 You kill the gnome!
 a - a corroded +0 katana (weapon in right hand).
 c - a +0 yumi (alternate weapon; not wielded).
 The leocrotta hits!
 The leocrotta bites!
 The leocrotta hits!
 You hit the leocrotta!
 The leocrotta misses!
 The leocrotta bites!
 The leocrotta misses!
 You hit the leocrotta.
 The leocrotta hits!
 The leocrotta bites!
 The leocrotta hits!
 You die...
 Do you want your possessions identified? [ynq] (y) y
 Do you want to see your attributes? [ynq] (y) y
 Do you want an account of creatures vanquished? [ynaq] (y) y
 Do you want to see your conduct and achievements? [ynq] (y) y
 Do you want to see the dungeon overview? [ynq] (y) y

Inventory:
 Coins    ('$')
  $ - 267 gold pieces
 Amulets  ('"')
  l - a cursed amulet of strangulation
 Weapons  (')')
  r - a +0 crossbow bolt
  d - 5 blessed +0 ya (in quiver)
  c - a +0 yumi (alternate weapon; not wielded)
  a - a corroded +0 katana (weapon in right hand)
  b - a +0 wakizashi
 Armor    ('[')
  h - an uncursed +0 pair of yugake (being worn)
  U - an uncursed +0 pair of iron shoes (being worn)
  t - an uncursed +0 dwarvish cloak (being worn)
  e - an uncursed rustproof +0 splint mail (being worn)
 Comestibles  ('%')
  k - an uncursed partly eaten gunyoki
  x - 5 cursed gunyoki
  p - 2 uncursed lembas wafers
  H - an uncursed tripe ration
  q - an uncursed egg
 Scrolls  ('?')
  L - an uncursed scroll of blank paper
  o - a cursed scroll of blank paper
  M - an uncursed scroll of enchant weapon
 Potions  ('!')
  m - a cursed potion of object detection
 Wands    ('/')
  N - a wand of magic missile (0:0)
  n - a wand of undead turning (0:6)
 Tools    ('(')
  A - an uncursed magic lamp (lit)
  g - an uncursed oil lamp (lit)
  y - a +0 pick-axe

Drastanta the Samurai's attributes:

Background:
 You were a Ninja, a level 8 male human Samurai.
 You were lawful, on a mission for Amaterasu Omikami
 who was opposed by Raijin (neutral) and Susanowo (chaotic).
 You were right-handed.
 You were in the Gnomish Mines, on level 9.
 You entered the dungeon 5673 turns ago.
 You had 1500 experience points, 1060 more were needed to attain level 9.

Basics:
 You had 0 out of 78 hit points.
 You had all 25 energy points (spell power).
 Your armor class was 1.
 Your wallet contained 267 zorkmids.
 Autopickup was off.

Final Characteristics:
 Your strength was 17 (limit:18/100).
 Your dexterity was 17 (limit:18).
 Your constitution was 18 (limit:18).
 Your intelligence was 10 (limit:18).
 Your wisdom was 8 (limit:18).
 Your charisma was 6 (limit:18).

Final Status:
 You weren't hungry.
 You were unencumbered.
 You were wielding a long sword.
 You had expert skill with long sword.

Final Attributes:
 You were piously aligned.
 Your items were somewhat protected from fire.
 Your items were somewhat protected from cold.
 You were telepathic.
 You were invisible.
 You were warded.
 You were fast.
 You are dead.

Miscellaneous:
 You encountered 1 bones level.
 Total elapsed playing time was 2 hours, 22 minutes and 53 seconds.

Major events:
 Turn
    1: Drastanta the lawful male human Samurai entered the dungeon
  588: attained the rank of Ronin (level 3)
  603: entered the Gnomish Mines
 2848: attained the rank of Ninja (level 6)
 2961: reached Mine Town
 5673: killed by a leocrotta

You didn't know any spells.

Skills:
 Fighting Skills
   martial arts      [Basic]
   two weapon combat [Unskilled]
   riding            [Unskilled]
 Weapon Skills
   dagger            [Unskilled]
   knife             [Unskilled]
   short sword       [Basic]
   broadsword        [Unskilled]
   long sword        [Expert]
   two-handed sword  [Unskilled]
   saber             [Unskilled]
   flail             [Unskilled]
   quarterstaff      [Unskilled]
   polearms          [Unskilled]
   spear             [Unskilled]
   lance             [Unskilled]
   bow               [Basic]
   shuriken          [Unskilled]
 Spellcasting Skills
   attack spells     [Unskilled]
   divination spells [Unskilled]
   clerical spells   [Unskilled]

Voluntary challenges:
 Character rerolling was not enabled.
 You never genocided any monsters.
 You never polymorphed an object.
 You never changed form.
 You used no wishes.
Achievements:
 You attained the rank of Ronin.
 You entered the Gnomish Mines.
 You entered a shop.
 You attained the rank of Ninja.
 You entered Minetown.
 You entered a temple.

 The Dungeons of Doom: levels 1 to 5
    Level 1:
       Some fountains.
    Level 2:
       Stairs down to The Gnomish Mines.
    Level 3:
       A general store, a fountain.
    Level 4:
    Level 5:
       Many fountains.
 The Gnomish Mines: levels 3 to 9
    Level 3:
    Level 4: "Tinning Kit"
       A grave.
       Final resting place for
          BeardyHaddock-Arc-Dwa-Mal-Law, killed by a kitten.
    Level 5:
       A temple and an altar, some fountains.
    Level 6:
    Level 7:
    Level 8:
    Level 9: <- You were here.
       Final resting place for
          you, killed by a leocrotta.


Vanquished creatures:
  a ghost
 an ettin mummy
  a pyrolisk
  a chameleon
  a giant beetle
  a scorpion
  a vampire bat
  a gnome ruler
 an orc mummy
  a yeti
  a dog
  a raven
  a plains centaur
 an ape
 an imp
  a water nymph
 an orc shaman
  a rock mole
  a pony
 12 gnome leaders
  2 gnomish wizards
  a guardian naga hatchling
  2 elf zombies
  a paper golem
  3 floating eyes
  a kitten
  5 dwarves
  a homunculus
  a kobold leader
  2 kobold shamans
  9 hill orcs
  a rabid rat
  2 centipedes
  3 iguanas
  2 acid blobs
  2 coyotes
  2 gas spores
  a hobbit
  2 large kobolds
  2 brown molds
  a yellow mold
 40 gnomes
  a garter snake
  2 gnome zombies
  4 geckos
  2 jackals
  2 foxes
  a kobold
  2 goblins
  2 sewer rats
  5 grid bugs
  a bat
  3 lichens
  6 newts
148 creatures vanquished.

No species were genocided or became extinct.

Game over:
                       ----------
                      /          \
                     /    REST    \
                    /      IN      \
                   /     PEACE      \
                  /                  \
                  |    Drastanta     |
                  |      267 Au      |
                  |   killed by a    |
                  |    leocrotta     |
                  |                  |
                  |                  |
                  |       2026       |
                 *|     *  *  *      | *
        _________)/\\_//(\/(/\)/\//\/|_)_______

Sayonara Drastanta the Samurai...

You died in The Gnomish Mines on dungeon level 9 with 6641 points,
and 267 pieces of gold, after 5673 moves.
You were level 8 with a maximum of 78 hit points when you died.

